Map: Triton LE

Players

souL - Winner!

  • Race: Terran Terran
  • Spawn Location: 5:00

Denver

  • Race: Zerg Zerg
  • Spawn Location: 11:00

Event: IEM Katowice 2020

VOD

Have the link to the VOD?

Description

Time

  • Played on: Feb. 24, 2020, 4:14 a.m.
  • Length: 8:30

All games in this series

Show
View Real Time Build Order
Export as new Build Order

souL Terran - Winner!

Build Orders: Command Center First (CC) 

Get SALT Encoding   

  12  0:00  SCV  
  13  0:12  SCV  
  14  0:17  Supply Depot  
  14  0:24  SCV  
  15  0:38  SCV  
  16  0:50  SCV  
  17  0:58  Command Center  
  17  1:02  SCV  
  18  1:12  Barracks  
  18  1:15  SCV  
  19  1:20  Refinery  
  19  1:25  Refinery  
  19  1:29  SCV  
  20  1:41  SCV  
  21  1:59  Orbital Command, Reaper  
  22  2:10  Orbital Command  
  22  2:19  Factory  
  22  2:25  SCV  
  23  2:31  Barracks Reactor  
  23  2:36  SCV  
  24  2:37  SCV  
  25  2:48  SCV  
  25  2:49  SCV  
  27  2:51  Command Center  
  27  3:00  SCV  
  27  3:01  SCV  
  27  3:05  Starport  
  29  3:11  Hellion x2  
  33  3:13  Supply Depot  
  33  3:14  SCV  
  33  3:16  SCV  
  33  3:18  Barracks Tech Lab  
  35  3:26  SCV  
  36  3:29  SCV  
  37  3:34  Hellion x2  
  37  3:38  SCV  
  37  3:41  SCV  
  43  3:44  Barracks Tech Lab  
  43  3:48  Banshee  
  46  4:02  Factory Reactor, Barracks  
  46  4:03  SCV x2  
  46  4:05  Marine, Barracks, Stimpack  
  46  4:06  Orbital Command  
  49  4:15  SCV x2  
  51  4:22  Marine  
  52  4:27  SCV x2, Supply Depot  
  54  4:32  Supply Depot  
  54  4:33  Barracks  
  54  4:34  SCV, Barracks  
  55  4:39  SCV x2, Refinery x2  
  55  4:40  Marine, Starport Reactor  
  58  4:46  SCV  
  58  4:51  SCV x2  
  58  4:52  Engineering Bay  
  61  4:53  Engineering Bay  
  61  4:56  Siege Tank  
  61  4:58  SCV  
  65  5:02  Marine x3, Supply Depot  
  65  5:05  Marine  
  65  5:06  Marine  
  67  5:16  Supply Depot  
  67  5:20  Marine x3, Terran Infantry Weapons Level 1, Terran Infantry Armor Level 1  
  70  5:21  Barracks Reactor  
  70  5:24  Marine x2  
  72  5:29  Barracks Reactor  
  72  5:36  Siege Tank  
  72  5:37  Supply Depot  
  72  5:38  Marine x3  
  72  5:40  Supply Depot  
  72  5:41  Marine  
  72  5:42  Marine, Orbital Command  
  80  5:46  Medivac  
  82  5:55  Marine, Medivac  
  82  5:56  Marine x2  
  87  5:59  Marine x2  
  87  6:01  Marine x2  
  87  6:02  Supply Depot  
  91  6:04  Supply Depot  
  91  6:07  Marine  
  91  6:08  Marine, Supply Depot  
  93  6:13  Marine x3  
  93  6:14  Siege Tank  
  93  6:17  Marine x2  
  101  6:19  Marine x2  
  103  6:25  Marine x2  
  103  6:30  Medivac  
  103  6:31  Marine x3, Medivac  
  112  6:35  Marine x2  
  112  6:36  Marine  
  112  6:37  Combat Shield  
  112  6:39  Marine  
  116  6:43  Marine x2  
  118  6:49  Marine, Siege Tank  
  118  6:50  Marine, Supply Depot  
  118  6:53  Marine x2  
  125  6:56  Marine x2  
  125  6:58  Marine  
  125  7:01  Marine x2  
  128  7:07  Marine  
  131  7:08  Marine  
  131  7:11  Marine  
  131  7:12  Marine  
  131  7:14  Marine x2  
  136  7:17  Marine  
  136  7:19  Marine  
  136  7:21  Siege Tank  
  141  7:28  Marine x2  
  141  7:29  Marine x3  
  139  7:31  Marine, Medivac  
  139  7:34  Marine  
  139  7:35  Marine  
  126  7:38  Marine  
  106  7:46  Marine x2  
  106  7:47  Marine x3, Medivac  
  106  7:49  Marine  
  113  7:51  Marine  
  113  7:53  Marine  
  113  7:56  Marine  
  116  8:04  Marine x2  
  116  8:05  Marine x3  
  117  8:07  Marine  
  117  8:09  Marine  
Show
View Real Time Build Order
Export as new Build Order

Denver Zerg 

Build Orders: Hatch First 

Get SALT Encoding   

  12  0:00  Drone  
  13  0:13  Overlord  
  13  0:17  Drone  
  14  0:31  Drone x2  
  16  0:47  Hatchery  
  15  0:51  Drone  
  15  0:55  Drone  
  17  0:59  Drone  
  18  1:09  Extractor  
  17  1:14  Spawning Pool  
  17  1:17  Drone  
  17  1:20  Drone  
  18  1:29  Drone  
  19  1:39  Drone  
  20  1:50  Drone  
  21  2:01  Queen x2  
  21  2:02  Zergling x4  
  27  2:09  Metabolic Boost  
  27  2:10  Overlord  
  27  2:13  Drone  
  28  2:30  Drone x2  
  28  2:35  Hatchery  
  29  2:39  Drone  
  29  2:42  Drone  
  29  2:43  Drone  
  32  2:48  Overlord  
  32  2:54  Drone  
  32  2:58  Queen  
  35  3:01  Drone  
  35  3:05  Pneumatized Carapace  
  36  3:08  Drone x2  
  38  3:13  Drone x2  
  38  3:17  Overlord  
  38  3:19  Drone  
  41  3:21  Drone  
  42  3:34  Overlord  
  42  3:35  Queen  
  44  3:42  Drone x6  
  50  3:48  Queen  
  50  3:50  Drone  
  50  3:52  Drone  
  50  3:54  Drone  
  55  4:00  Queen  
  55  4:02  Drone  
  58  4:05  Zergling x4  
  58  4:06  Zergling x2  
  58  4:09  Overlord  
  61  4:10  Drone x2  
  63  4:17  Evolution Chamber x2  
  63  4:18  Extractor  
  63  4:20  Drone x3  
  63  4:23  Overlord  
  63  4:27  Queen  
  63  4:30  Drone x3  
  68  4:37  Drone x3  
  71  4:43  Zerg Ground Armor Level 1, Zerg Melee Weapons Level 1  
  71  4:44  Drone x3  
  74  4:49  Overlord  
  74  4:52  Drone x4  
  78  4:58  Overlord  
  78  4:59  Extractor x2  
  76  5:00  Drone x3  
  79  5:07  Lair  
  79  5:10  Drone x3, Baneling Nest  
  79  5:11  Drone  
  79  5:14  Overlord  
  82  5:17  Drone x2  
  82  5:18  Extractor, Drone  
  82  5:19  Drone  
  85  5:22  Extractor  
  85  5:26  Drone x2, Overlord  
  86  5:37  Hatchery  
  86  5:40  Drone  
  86  5:41  Zergling x6  
  86  5:42  Hatchery  
  88  5:45  Zergling x2  
  88  5:46  Zergling x6  
  88  5:48  Drone x3  
  95  5:54  Zergling x12  
  101  6:01  Drone  
  101  6:03  Zergling x2  
  103  6:06  Centrifical Hooks  
  103  6:10  Zergling x2  
  103  6:11  Zergling x2  
  105  6:12  Spire  
  105  6:13  Baneling x5  
  105  6:15  Zergling x10  
  109  6:21  Zergling x6  
  109  6:23  Overlord  
  109  6:25  Overlord  
  112  6:26  Baneling x4  
  112  6:27  Overlord x2  
  112  6:37  Overlord  
  112  6:41  Queen  
  112  6:45  Zergling x2  
  112  6:46  Zergling x8  
  119  6:49  Drone x3  
  119  6:51  Overseer  
  119  6:53  Baneling  
  121  7:04  Drone x7  
  121  7:05  Drone x4  
  132  7:11  Zergling x2  
  132  7:12  Zergling x6  
  134  7:19  Zergling x2  
  134  7:20  Zergling x2, Baneling x3  
  136  7:28  Zergling x24  
  140  7:34  Zergling x6  
  126  7:40  Zergling x4, Queen  
  110  7:46  Zergling x2  
  110  7:47  Queen  
  110  7:48  Baneling  
  110  7:49  Baneling x8  
  110  7:50  Zergling x2  
  110  7:51  Zergling x22  
  121  7:56  Zergling x12  
  123  8:04  Hatchery  
  121  8:05  Zergling x2  
  121  8:06  Zergling x6  
  121  8:07  Baneling x2  
  117  8:13  Zergling x4  

Tags
 
Add a new tag
Caveats
  • Supply blocks, unpowered buildings, or Contaminate may cause inaccurate times.
  • Supply counts are checked every 10 seconds.